 Dungeon Crawl Stone Soup version 0.25.1-2-g60ff931df9 (webtiles) character file.

Game seed: 5692141728278720344

3506 Delamore the Basher (level 10, -2/59 HPs)
             Began as a Gargoyle Fighter on Oct 15, 2020.
             Was a Priest of Okawaru.
             Slain by a killer bee (10 damage)
             ... on level 8 of the Dungeon.
             The game lasted 00:07:13 (7499 turns).

Delamore the Basher (Gargoyle Fighter)              Turns: 7499, Time: 00:07:13

Health: -2/59      AC: 14    Str: 24    XL:     10   Next: 7%
Magic:  10/10      EV:  7    Int: 10    God:    Okawaru [***...]
Gold:   461        SH: 10    Dex:  9    Spells: 9/9 levels left

rFire    . . .     SeeInvis .   v - +4 mace (protect)
rCold    . . .     Gourm    .   c - +0 kite shield
rNeg     + + .     Faith    .   b - +0 scale mail
rPois    ∞         Spirit   .   (no helmet)
rElec    +         Reflect  .   (no cloak)
rCorr    .         Harm     .   (no gloves)
MR       .....     Rnd*Rage +   (no boots)
Stlth    ..........             (no amulet)
HPRegen  0.19/turn              E - ring of attention (curse)
MPRegen  0.12/turn              s - ring of positive energy

@: about to teleport
A: berserk 1, negative energy resistance 1, electricity resistance, strong 1,
unbreathing, petrification resistance, rot immunity, AC +7
a: Heroism, Renounce Religion


You were on level 8 of the Dungeon.
You worshipped Okawaru.
Okawaru was most pleased with you.
You were not hungry.

You visited 2 branches of the dungeon, and saw 9 of its levels.
You also visited: Sewer.

You collected 461 gold pieces.

Inventory:

Hand Weapons
 a - a +0 flail
 v - a +4 mace of protection (weapon)
 x - a +0 whip of electrocution
Missiles
 u - 3 javelins (quivered)
Armour
 b - a +0 scale mail (worn)
 c - a +0 kite shield (worn)
 w - a +1 ring mail of positive energy
Jewellery
 p - an uncursed ring of ice
 s - a ring of positive energy (right hand)
 E - a cursed ring of attention (left hand)
Wands
 g - a wand of digging (8)
 r - a wand of clouds (2)
 t - a wand of random effects (42)
 G - a wand of iceblast (11)
 I - a wand of flame (20)
 L - a wand of polymorph (5)
Scrolls
 h - 3 scrolls of fear {unknown}
 i - 2 scrolls of noise
 j - 3 scrolls of blinking
 l - 4 scrolls of enchant weapon
 m - 9 scrolls of teleportation
 y - a scroll of fog {unknown}
 A - 2 scrolls of random uselessness {unknown}
 C - a scroll of vulnerability
 D - a scroll of enchant armour {unknown}
 H - 2 scrolls of immolation {unknown}
 J - 4 scrolls of identify
 M - a scroll of holy word {unknown}
 N - a scroll of torment {unknown}
Potions
 d - 2 potions of might
 e - 2 potions of heal wounds {unknown}
 k - 2 potions of resistance {unknown}
 n - a potion of brilliance {unknown}
 o - a potion of mutation
 q - a potion of curing
 z - 2 potions of flight
 B - 2 potions of degeneration {unknown}
 F - a potion of ambrosia {unknown}
 O - a potion of haste {unknown}
Comestibles
 f - 13 rations
 K - 2 chunks of flesh


   Skills:
 - Level 5.0 Fighting
 + Level 12.9 Maces & Flails
 - Level 3.2 Armour
 - Level 5.0 Shields


You had 9 spell levels left.
You didn't know any spells.
Your spell library contained the following spells:

 Spells                   Type           Power        Failure   Level  Hunger
 Corona                   Hex            #......      98%         1    ##.....
 Ensorcelled Hibernation  Hex/Ice        #.....       99%         2    ###....
 Confusing Touch          Hex            #.......     100%        3    ####...
 Dazzling Flash           Conj/Hex       #.....       100%        3    ####...
 Tukima's Dance           Hex            #.......     100%        3    ####...


Dungeon Overview and Level Annotations

Branches:
Dungeon (8/15)             Temple (1/1) D:4           Sewer (visited)
   Lair: D:8-11

Altars:
Ashenzari
Cheibriados
Dithmenos
Elyvilon
Fedhas
Gozag
Hepliaklqana
Kikubaaqudgha
Makhleb
Nemelex Xobeh
Okawaru
Qazlal
Ru
Sif Muna
Trog
Uskayaw
Vehumet
Wu Jian
Xom
Yredelemnul
Zin
The Shining One

Shops:
D:8 [


Innate Abilities, Weirdness & Mutations

You are resistant to torment.
Your stone body is resilient. (AC +7)
You are immune to poison.
You resist negative energy. (rN+)
You are resistant to electric shocks. (rElec)
You can survive without breathing.
You are immune to petrification.
You are immune to rotting.
You tend to lose your temper in combat.
Your muscles are strong. (Str +2)


Message History

A killer bee comes into view.
You block the killer bee's attack.
As you read the scroll of teleportation, it crumbles to dust.
You feel strangely unstable. The killer bee stings you!
* * * LOW HITPOINT WARNING * * *
The killer bee rages.
The killer bee barely misses you.
The killer bee rages.
You block the killer bee's attack.
It was a potion of curing.
You feel better. You block the killer bee's attack.
The killer bee stings you but does no damage.
The killer bee stings you.
* * * LOW HITPOINT WARNING * * *
You hear an angry buzzing noise.
It was a potion of mutation.
You feel extremely strange.
You feel a little pissed off.
You feel stronger.
The killer bee stings you but does no damage. x2
The killer bee rages.
The killer bee stings you!
You die...

#.##.#....###...#...##
.......##..#.†)......##
.###.#.....(.((.......#
.
#.#####...†).......###
. #.# #...............
#.. #...........## .#.
#..........## . .
............# .
.......##@####
.##....##y########
.......#yy.y.....
.8.....yyyy..####
#.#..?yy.y###
#?........# 8.8.8....##
.⌠.⌠...... 8.∩.8....#.


You could see a queen bee and 9 killer bees.

Vanquished Creatures
  Grinder (D:5)
  3 wraiths (D:7)
  A water moccasin (D:5)
  Purgy (D:4)
  3 phantoms
  A necrophage (D:7)
  2 ogres
  An ice beast (D:7)
  A sky beast (D:5)
  2 centaurs (D:7)
  A big kobold (D:8)
  4 bullfrogs
  A killer bee (D:8)
  A scorpion (D:4)
  A troll zombie (D:7)
  A howler monkey (D:4)
  5 wights
  2 crimson imps
  A jelly (D:8)
  A bullfrog zombie (D:7)
  4 human zombies (D:7)
  2 bullfrog skeletons
  A centaur skeleton (D:6)
  4 orc wizards
  Terence (D:3)
  2 iguanas
  5 worker ants
  A hound skeleton (D:4)
  2 mummies (D:7)
  8 gnolls
  2 river rats (D:4)
  17 adders
  2 shadow imps
  7 oozes
  7 worms
  A dart slug (D:1)
  3 leopard geckos
  19 orcs
  4 ball pythons
  6 giant cockroaches
  7 goblins
  7 hobgoblins
  4 jackals (Sewer)
  15 kobolds
  6 quokkas
  13 bats
  4 frilled lizards
  A quokka skeleton (D:4)
  6 rats
195 creatures vanquished.

Notes
Turn   | Place    | Note
-------+----------+-------------------------------------------
     0 | D:1      | Delamore the Gargoyle Fighter began the quest for the Orb.
     0 | D:1      | Reached XP level 1. HP: 14/14 MP: 1/1
    62 | D:1      | Reached XP level 2. HP: 10/19 MP: 2/2
   630 | D:1      | Reached XP level 3. HP: 24/24 MP: 3/3
  1133 | D:2      | Reached XP level 4. HP: 26/29 MP: 4/4
  1190 | D:2      | Reached skill level 3 in Maces & Flails
  1436 | D:2      | Found a shadowy altar of Dithmenos.
  1852 | D:3      | Found a white marble altar of Elyvilon.
  1876 | D:3      | Reached XP level 5. HP: 32/34 MP: 5/5
  2351 | D:3      | Noticed Terence
  2383 | D:3      | Killed Terence
  2758 | D:4      | Noticed an ogre
  2766 | D:4      | Killed an ogre
  2766 | D:4      | Reached skill level 5 in Fighting
  2766 | D:4      | Reached skill level 4 in Maces & Flails
  2766 | D:4      | Reached skill level 5 in Shields
  2766 | D:4      | Reached XP level 6. HP: 22/40 MP: 6/6
  2909 | D:4      | Found a glowing drain.
  2913 | Sewer    | Entered a sewer
  3311 | Sewer    | Reached skill level 5 in Maces & Flails
  3725 | D:4      | Found an opulent altar of Gozag.
  3747 | D:4      | Noticed Purgy
  3769 | D:4      | Reached XP level 7. HP: 24/44 MP: 7/7
  3788 | D:4      | Killed Purgy
  3788 | D:4      | Reached skill level 6 in Maces & Flails
  3999 | D:4      | Found a staircase to the Ecumenical Temple.
  4031 | Temple   | Entered the Ecumenical Temple
  4050 | Temple   | Became a worshipper of Warmaster Okawaru
  4291 | D:4      | Found a hide-covered altar of Uskayaw.
  4558 | D:5      | Entered Level 5 of the Dungeon
  4573 | D:5      | Noticed Grinder
  4584 | D:5      | Paralysed by Grinder for 4 turns
  4594 | D:5      | Paralysed by Grinder for 6 turns
  4601 | D:5      | Killed Grinder
  4601 | D:5      | Reached skill level 7 in Maces & Flails
  4601 | D:5      | Reached XP level 8. HP: 42/49 MP: 8/8
  4653 | D:5      | Found a shimmering blue altar of Sif Muna.
  4673 | D:5      | Reached * piety under Okawaru
  4673 | D:5      | Reached skill level 8 in Maces & Flails
  5039 | D:5      | Reached skill level 9 in Maces & Flails
  5196 | D:5      | Found a sparkling altar of Nemelex Xobeh.
  5597 | D:6      | Reached skill level 10 in Maces & Flails
  5603 | D:6      | Reached ** piety under Okawaru
  5634 | D:6      | Reached XP level 9. HP: 54/54 MP: 9/9
  6226 | D:7      | Reached skill level 11 in Maces & Flails
  6230 | D:7      | Found a shattered altar of Ashenzari.
  6582 | D:7      | Found a hazy altar of Hepliaklqana.
  6776 | D:7      | Found a basalt altar of Yredelemnul.
  6951 | D:7      | Reached *** piety under Okawaru
  6951 | D:7      | Reached skill level 12 in Maces & Flails
  7356 | D:8      | Found a snail-covered altar of Cheibriados.
  7372 | D:8      | Reached XP level 10. HP: 53/59 MP: 10/10
  7411 | D:8      | Found a radiant altar of Vehumet.
  7466 | D:8      | Found Reud's Antique Armour Shoppe.
  7499 | D:8      | Gained mutation: You tend to lose your temper in combat.
                  | [potion of mutation]
  7499 | D:8      | Gained mutation: Your muscles are strong. (Str +2) [potion
                  | of mutation]
  7499 | D:8      | Slain by a killer bee

Illustrated notes

Levels and vault maps discovered:
D:1:      minmay_arrival_diagonal_passages, layout_loops_cross
D:2:      cheibrodos_helix_gallery, layout_basic, lemuel_coloured_pillars_altar
D:3:      layout_basic, elyvilon_altar_5, first_ration, uniq_terence
D:4:      layout_basic, overflow_temple_1_default, grunt_gozag_breadcrumbs,
          minmay_temple_entry_overgrown, gup_sewer_entry_spiral, uniq_purgy
D:5:      layout_cave_pools, kennysheep_mini, old_standard_altar,
          kennysheep_generic_room_15, uniq_grinder
D:6:      layout_loops_ring
D:7:      layout_cave_pods, lemuel_mausoleum_altar_yredelemnul,
          kennysheep_little_box, nicolae_ashenzari_panopticon,
          minmay_diced_spiral
D:8:      layout_rooms, fiery_altar_vehumet, lemuel_crystal_altar,
          erik_lair_island, serial_shops, nicolae_shop_stone,
          nicolae_shop_temple_entry_statues_fountains, shop, shop_statue,
          david_nohive_1, minmay_alternating_orb
Temple:   minmay_freezing_vapour_temple

Skill      XL: |  1  2  3  4  5  6  7  8  9 |
---------------+----------------------------+-----
Shields        | 4 5 |  5.0
Fighting       | 4 5 |  5.0
Maces & Flails | 3 4 5 7 10 12 | 12.9
Armour         | |  3.2

Action                   |  1- 3 |  4- 6 |  7- 9 | 10-12 || total
-------------------------+-------+-------+-------+-------++-------
Melee: Flail             |   125 |   127 |       |       ||   252
       Mace              |       |   197 |   464 |    43 ||   704
  Use: Scroll            |       |     4 |     1 |     1 ||     6
       Potion            |       |     2 |       |     2 ||     4
  Eat: Chunk             |     1 |     9 |     8 |     2 ||    20
       Ration            |       |       |     1 |       ||     1
Armor: Scale mail        |    61 |   192 |   218 |    48 ||   519
Dodge: Dodged            |    42 |   101 |   111 |    37 ||   291
Block: Kite shield       |    58 |   191 |   184 |    41 ||   474
